 Dungeon Crawl Stone Soup version 0.31.0-10-gcf4a605ca0 (webtiles) character file.

Game seed: 13479778879482147226

77 groovy9 the Shooter (level 4, -2/38 HPs)
             Began as a Minotaur Hunter on Jan 25, 2024.
             Slain by Crazy Yiuf
             ... wielding a +4 quarterstaff of chaos
              (7 damage)
             ... on level 3 of the Dungeon.
             The game lasted 00:04:35 (1835 turns).

groovy9 the Shooter (Minotaur Hunter)               Turns: 1835, Time: 00:04:36

Health: -2/38      AC:  4    Str: 16    XL:     4   Next: 13%
Magic:  3/3        EV: 12    Int:  6    God:
Gold:   173        SH:  5    Dex: 15    Spells: 3/3 levels left

rFire   . . .        a - +0 shortbow
rCold   + . .        (shield currently unavailable)
rNeg    . . .        f - +2 robe {rC+}
rPois   .            (helmet restricted)
rElec   .            (no cloak)
rCorr   .            (no gloves)
SInv    .            (no boots)
Will    .....        e - amulet of reflection
Stlth   ++           k - ring of wizardry
HPRegen 0.26/turn    (no ring)
MPRegen 0.08/turn

%: reflection, wizardry (x1)
@: no status effects
A: horns 2, retaliatory headbutt
a: no special abilities


You were on level 3 of the Dungeon.
You visited 1 branch of the dungeon, and saw 3 of its levels.

You collected 173 gold pieces.

Inventory:

Hand Weapons
 a - a +0 shortbow (weapon)
 g - a +0 long sword
Armour
 f - a +2 robe of cold resistance (worn)
Jewellery
 e - an amulet of reflection (around neck)
 k - a ring of wizardry (left hand)
Scrolls
 b - a scroll of butterflies
 d - a scroll of fear {unknown}
 h - a scroll of immolation {unknown}
 j - a scroll of summoning {unknown}
 l - a scroll of enchant armour {unknown}
 m - a scroll of fog {unknown}
 o - 3 scrolls of identify {unknown}
 q - a scroll of revelation {unknown}
 r - a scroll of amnesia {unknown}
Potions
 c - a potion of magic {unknown}
 i - a potion of berserk rage {unknown}
 n - a potion of lignification {unknown}
 p - 2 potions of haste {unknown}


   Skills:
 - Level 3.0 Fighting
 + Level 1.8 Long Blades
 * Level 5.7 Ranged Weapons
 - Level 2.1 Dodging
 - Level 0.7 Stealth


You had 3 spell levels left.
You didn't know any spells.
Your spell library was empty.

Dungeon Overview and Level Annotations

Branches:
Dungeon (3/15)

Altars:

Annotations:
D:3 Crazy Yiuf


Innate Abilities, Weirdness & Mutations

You have a pair of horns on your head.
You reflexively headbutt those who attack you in melee.


Message History

Crazy Yiuf says, "Defame forty-two spinner!"
You see here a bat corpse.
You condense into your normal self.
Your +0 shortbow unmelds from your body.
Your +2 robe of cold resistance unmelds from your body.
Your ring of wizardry unmelds from your body.
Your amulet of reflection unmelds from your body.
You feel resistant to cold.
You feel a shielding aura gather around you.
You shoot an arrow.
The arrow hits Crazy Yiuf but does no damage.
Crazy Yiuf is heavily wounded.
Crazy Yiuf zaps a wand.
You turn into a filthy swine.
Your +0 shortbow melds into your body.
Your +2 robe of cold resistance melds into your body.
Your ring of wizardry melds into your body.
You feel less resistant to cold.
Nothing quivered!
Things that are here:
a +0 short sword; an orc corpse You see here a bat corpse.
Your transformation is almost over.
You feel less porcine.
Your +0 shortbow unmelds from your body.
Your +2 robe of cold resistance unmelds from your body.
Your ring of wizardry unmelds from your body.
You feel resistant to cold.
You now have 173 gold pieces (gained 17).
You shoot an arrow. The arrow closely misses Crazy Yiuf.
You shoot an arrow. The arrow barely misses Crazy Yiuf.
Crazy Yiuf waves his quarterstaff at you.
Crazy Yiuf hits you with a +4 quarterstaff of chaos!
You fall asleep.
Crazy Yiuf twirls on the spot.
Crazy Yiuf hits you with a +4 quarterstaff of chaos!!
You wake up.
Ouch! That really hurt!
* * * LOW HITPOINT WARNING * * *
Crazy Yiuf burns you!
You die...

.########.....#........#
.# #.....##.###(#.# .#
###.####...†...# .# #.#
#####..## .#
#.########..# .#
#..........## ##
#.#..####### #.#..g.#
##.##.#@# #.....#.#
##.####.# #.# #.# #.#
#.####### ..# #.#.....#
..# #....##.# ...#
#.#.#...## $..#
#.#....[.#


You could see Crazy Yiuf.

Vanquished Creatures
  An adder (D:3)
  A ribbon worm (D:2)
  2 dart slugs (D:1)
  2 orcs (D:3)
  8 bats
  6 endoplasms
  3 giant cockroaches
  6 goblins
  4 hobgoblins (D:1)
  4 quokkas
  3 ball pythons
  5 frilled lizards
  5 kobolds
  6 rats
56 creatures vanquished.

Notes
Turn   | Place    | Note
-------+----------+-------------------------------------------
     0 | D:1      | groovy9 the Minotaur Hunter began the quest for the Orb.
     0 | D:1      | Reached XP level 1. HP: 18/18 MP: 0/0
    80 | D:1      | Reached XP level 2. HP: 25/25 MP: 1/1
   250 | D:1      | Reached skill level 5 in Ranged Weapons
   680 | D:1      | Reached XP level 3. HP: 31/31 MP: 2/2
   854 | D:1      | Reached skill level 1 in Long Blades
  1690 | D:3      | Reached XP level 4. HP: 38/38 MP: 3/3
  1763 | D:3      | Found a runed translucent door.
  1764 | D:3      | Noticed Crazy Yiuf
  1835 | D:3      | Slain by Crazy Yiuf

Illustrated notes

Levels and vault maps discovered:
D:1:      evilmike_arrival_fibonacci_small, layout_basic, minmay_misc_feat_alley
D:2:      layout_loops_ring, chequers_arboretum
D:3:      layout_basic, nemelex_spade_bored_becter, tgw_kikubaaqudgha,
          uniq_crazy_yiuf_cottage

Skill      XL: |  1  2  3 |
---------------+----------+-----
Fighting       | 3 |  3.0
Ranged Weapons | 5 |  5.7
Long Blades    | 1 |  1.8
Dodging        | |  2.1
Stealth        | |  0.7

Action                     |  1- 3 |  4- 6 || total
---------------------------+-------+-------++-------
  Melee: Long sword        |     1 |       ||     1
   Fire: Shortbow          |   131 |    19 ||   150
 Armour: Leather armour    |     5 |       ||     5
         Robe              |    18 |     2 ||    20
  Dodge: Dodged            |    26 |     2 ||    28
  Block: Other             |    11 |       ||    11
